[Event "*** Titled Tuesday Blitz"]
[Site "Chess.com"]
[Date "2020.11.10"]
[Round "4"]
[White "DonPreuss"]
[Black "andriipalchuk"]
[Result "0-1"]
[WhiteElo "2229"]
[BlackElo "2435"]
[TimeControl "180+1"]
[EndTime "10:38:58 PST"]
[Termination "andriipalchuk won by resignation"]

1. d4 Nf6 2. Nc3 d5 3. e4 dxe4 4. f3 e3 5. Bxe3 Bf5 6. Nge2 c6 7. Ng3 Bg6 8. Bd3 e6 9. O-O Nbd7 10. f4 Nd5 11. Nxd5 cxd5 12. f5 exf5 13. Nxf5 Bxf5 14. Bxf5 Nf6 15. Bg5 Be7 16. Qd3 h6 17. Bh4 O-O 18. Rf3 Ne4 19. Bxe7 Qxe7 20. Re1 Qb4 21. Bxe4 Qxe1+ 0-1

[Event "*** Titled Tuesday Blitz"]
[Site "Chess.com"]
[Date "2020.11.10"]
[Round "4"]
[White "anon481216"]
[Black "fm_magua"]
[Result "0-1"]
[WhiteElo "2402"]
[BlackElo "2584"]
[TimeControl "180+1"]
[EndTime "10:39:08 PST"]
[Termination "fm_magua won by resignation"]

1. d4 Nf6 2. c4 g6 3. Nc3 Bg7 4. e4 d6 5. Be2 O-O 6. Bg5 h6 7. Be3 e5 8. d5 a5 9. Qd2 Kh7 10. f3 Nh5 11. O-O-O Na6 12. g4 Nf4 13. Bxf4 exf4 14.
Qxf4 Nc5 15. Qd2 a4 16. h4 a3 17. b3 Qf6 18. Kc2 b5 19. g5 Qe7 20. cxb5 h5 21. Nh3 Bxh3 22. Rxh3 Nd7 23. Rhh1 Rfe8 24. Bd3 Ne5 25. Rhf1 Nxd3 26. Qxd3 Rab8 27. Rde1 Bxc3 28. Kxc3 Qd7 29. f4 Rxb5 30. Kc2 Rc5+ 31. Kb1 c6 32. dxc6 Qxc6 33. f5 Rce5 34. fxg6+ fxg6 35.
Rf6 Rxe4 36. Ref1 Re1+ 0-1

[Event "*** Titled Tuesday Blitz"]
[Site "Chess.com"]
[Date "2020.11.10"]
[Round "4"]
[White "Karateloru"]
[Black "Zhuu96"]
[Result "0-1"]
[WhiteElo "2724"]
[BlackElo "2896"]
[TimeControl "180+1"]
[EndTime "10:39:09 PST"]
[Termination "Zhuu96 won by resignation"]

1. Nf3 g6 2. e3 Bg7 3. d4 d6 4. Be2 Nh6 5. O-O O-O 6. b3 e5 7. Bb2 e4 8. Nfd2 d5 9. c4 c6 10. Nc3 Nf5 11. Rc1 a6 12. cxd5 cxd5 13. Ba3 Re8 14.
Na4 h5 15. Qc2 Nc6 16. Nc5 Bh6 17. Qc3 Qg5 18. Rfd1 Nxe3 19. Qxe3 Qxe3 20. fxe3 Bxe3+ 21. Kh1 Nxd4 22. Bf1 Bg4 23. Bb2 Rac8 24. b4 Nc6 25.
a3 Bxd1 26. Rxd1 Bxc5 27. bxc5 e3 0-1

[Event "*** Titled Tuesday Blitz"]
[Site "Chess.com"]
[Date "2020.11.10"]
[Round "4"]
[White "Msb2"]
[Black "B-man"]
[Result "1-0"]
[WhiteElo "2894"]
[BlackElo "2565"]
[TimeControl "180+1"]
[EndTime "10:39:13 PST"]
[Termination "Msb2 won by resignation"]

1. d4 Nf6 2. c4 e6 3. Nc3 Bb4 4. e3 O-O 5. Bd2 b6 6. Bd3 Bb7 7. Nf3 d5 8. cxd5 exd5 9. Rc1 c5 10. a3 Bxc3 11. Bxc3 c4 12. Bc2 Nc6 13. Ne5 Nxe5 14. dxe5 Ne4 15. Bxe4 dxe4 16. Qg4 Qc8 17. e6 f6 18. Rd1 Bc6 19. O-O a5 20. Rd6 Ra7 21. Rfd1 Kh8 22. e7 Rxe7 23. Qxc8 Rxc8 24. Rxc6 1-0

[Event "*** Titled Tuesday Blitz"]
[Site "Chess.com"]
[Date "2020.11.10"]
[Round "4"]
[White "ExtremeLearner"]
[Black "Gusarov91"]
[Result "0-1"]
[WhiteElo "2389"]
[BlackElo "2628"]
[TimeControl "180+1"]
[EndTime "10:39:14 PST"]
[Termination "Gusarov91 won by resignation"]

1. d4 Nf6 2. Nf3 b5 3. g3 Bb7 4. Bg2 e6 5. O-O c5 6. Bg5 h6 7. Bxf6 Qxf6 8. Nc3 a6 9. e4 b4 10. e5 Qd8 11. Ne2 cxd4 12. Nexd4 Nc6 13. Nxc6 Bxc6 14. Nd4 Bxg2 15. Kxg2 Qa5 16. Re1 Qd5+ 17. Nf3 Qxd1 18. Raxd1 Rc8 19. Re2 Bc5 20. Nd4 Ke7 21. Nb3 Rhd8 22.
Nxc5 Rxc5 23. f4 Rdc8 24. Rdd2 f6 25. exf6+ gxf6 26. Kf3 d5 27. Ke3 Kd6 28. Kf3 a5 29. Kg4 a4 30. Kh5 a3 31. bxa3 bxa3 32. h4 Rg8 33. Rd3 Rgc8 34. Rde3 d4+ 0-1

[Event "*** Titled Tuesday Blitz"]
[Site "Chess.com"]
[Date "2020.11.10"]
[Round "4"]
[White "Quiet_Desperation"]
[Black "Oligan22"]
[Result "0-1"]
[WhiteElo "1731"]
[BlackElo "2429"]
[TimeControl "180+1"]
[EndTime "10:39:19 PST"]
[Termination "Oligan22 won by resignation"]

1. e4 c5 2. Nf3 e6 3. d4 cxd4 4. Nxd4 Nc6 5. Nc3 a6 6. Be3 Bb4 7. a3 Bxc3+ 8. bxc3 Nf6 9. Bd3 d5 10. exd5 Nxd5 11. Bd2 O-O 12. O-O Ne5 13. Bxh7+ Kxh7 14. Qh5+ Kg8 15. Qxe5 Bd7 16. c4 Nf6 17. Bg5 Rc8 18.
Rad1 Ng4 19. Qf4 e5 20. Bxd8 exf4 21. Bg5 Rxc4 22. Bxf4 Ba4 23. Bg3 Rd8 24. Nf5 Rxd1 25. Rxd1 Bxc2 26. Rd8+ Kh7 27. Ne7 Ba4 28. h3 Rc1+ 0-1

[Event "*** Titled Tuesday Blitz"]
[Site "Chess.com"]
[Date "2020.11.10"]
[Round "4"]
[White "Semen_Khanin"]
[Black "joppie2"]
[Result "0-1"]
[WhiteElo "2782"]
[BlackElo "2965"]
[TimeControl "180+1"]
[EndTime "10:39:21 PST"]
[Termination "joppie2 won by resignation"]

1. e4 c5 2. Nf3 d6 3. d4 cxd4 4. Nxd4 Nf6 5. Nc3 Nbd7 6. Be3 a6 7.
f3 h5 8. a4 Qc7 9. Be2 e6 10.
O-O Ne5 11. Qd2 Be7 12. Rad1 b6 13. h3 Bb7 14. f4 Ned7 15. Bf3 O-O 16. f5 e5 17. Nb3 Nc5 18. Nxc5 dxc5 19. g4 hxg4 20. hxg4 Rad8 21. Qg2 Rxd1 22. Rxd1 Rd8 23. Rf1 Nh7 24. g5 Rd6 25. Kf2 Qd8 26. Rg1 Rd2+ 27. Ne2 Rxc2 28. g6 Bh4+ 0-1

[Event "*** Titled Tuesday Blitz"]
[Site "Chess.com"]
[Date "2020.11.10"]
[Round "4"]
[White "Natalya_Buksa"]
[Black "Ariadna_Atreides"]
[Result "1-0"]
[WhiteElo "2575"]
[BlackElo "2113"]
[TimeControl "180+1"]
[EndTime "10:39:29 PST"]
[Termination "Natalya_Buksa won by resignation"]

1. d4 Nf6 2. Nc3 d5 3. Bf4 c6 4. e3 Bf5 5. Nf3 e6 6. Ne5 Bd6 7. g4 Bg6 8. h4 h6 9. Nxg6 fxg6 10.
Bd3 Kf7 11. Qf3 Rf8 12. g5 Kg8 13. gxf6 Rxf6 14. Qg3 Bxf4 15. exf4 Qe8 16. O-O-O Na6 17. h5 gxh5 18. Rdg1 Qf8 19. Rxh5 Nb4 20. a3 Nxd3+ 21. Qxd3 Rxf4 22. Rxh6 Rxf2 23. Qh7+ Kf7 24. Qg6+ Kg8 25. Qxe6+ Qf7 26. Qxf7+ Kxf7 27. Rd6 Re8 28. Rd7+ 1-0

[Event "*** Titled Tuesday Blitz"]
[Site "Chess.com"]
[Date "2020.11.10"]
[Round "4"]
[White "Campelov"]
[Black "stolencandy13"]
[Result "0-1"]
[WhiteElo "2145"]
[BlackElo "2376"]
[TimeControl "180+1"]
[EndTime "10:39:29 PST"]
[Termination "stolencandy13 won by resignation"]

1. e4 c6 2. d4 d5 3. Nd2 dxe4 4. Nxe4 Bf5 5. Ng3 Bg6 6. h4 h6 7. Nf3 Nd7 8. h5 Bh7 9. Bd3 Bxd3 10. Qxd3 e6 11. Bd2 Ngf6 12. O-O-O Be7 13. Kb1 Qb6 14. Ne4 Nxe4 15. Qxe4 Nf6 16. Qe2 Rc8 17.
c4 O-O 18. g4 c5 19. d5 Nxg4 20. Rdg1 f5 21. dxe6 Bf6 22. Bc1 Rfe8 23. Re1 Rc6 24.
Qd3 Nxf2 25. Qxf5 Nxh1 26. Rxh1 Rcxe6 27. Rg1 Re2 28. b3 Qa6 29. a3 Qb6 0-1

[Event "*** Titled Tuesday Blitz"]
[Site "Chess.com"]
[Date "2020.11.10"]
[Round "4"]
[White "biostatistician"]
[Black "Oneofmyturns"]
[Result "0-1"]
[WhiteElo "2526"]
[BlackElo "2730"]
[TimeControl "180+1"]
[EndTime "10:39:30 PST"]
[Termination "Oneofmyturns won by resignation"]

1. d4 Nf6 2. Nf3 d5 3. c4 e6 4. Bg5 Be7 5. e3 h6 6. Bh4 O-O 7. Nc3 c6 8. Bd3 Nbd7 9. O-O b6 10. Qe2 Bb7 11. Rad1 Rc8 12. cxd5 Nxd5 13. Bg3 Qe8 14. Ba6 Bxa6 15. Qxa6 Nxc3 16. bxc3 Ra8 17. a4 Qc8 18. Qxc8 Rfxc8 19. Rb1 c5 20. Rfc1 Kf8 21.
Kf1 f6 22. Ke2 Rc6 23. Kd2 Kf7 24. Rb5 Rac8 25. a5 cxd4 26. Nxd4 Rc5 27. axb6 axb6 28. f3 e5 29. Rxc5 Nxc5 30. Nf5 Nb3+ 31. Kd1 Nxc1 32. Kxc1 Rxc3+ 33. Kd2 Bb4 34. Nd6+ Ke6 35. Ne4 Ra3+ 36. Kc2 Rxe3 37. Bf2 Re2+ 38. Kd3 Ra2 39. Kc4 f5 40.
Kxb4 fxe4 41. Bxb6 Rxg2 42. fxe4 Rxh2 0-1

[Event "*** Titled Tuesday Blitz"]
[Site "Chess.com"]
[Date "2020.11.10"]
[Round "4"]
[White "rasmussvane"]
[Black "KaterinaMiroshnik"]
[Result "1-0"]
[WhiteElo "2881"]
[BlackElo "2564"]
[TimeControl "180+1"]
[EndTime "10:39:31 PST"]
[Termination "rasmussvane won by resignation"]

1. Nf3 Nf6 2. g3 e6 3. Bg2 d5 4. O-O Be7 5. c4 O-O 6. b3 b6 7.
d4 Bb7 8. Nc3 Nbd7 9. Bb2 c5 10.
Ne1 cxd4 11. Qxd4 Nc5 12. cxd5 exd5 13. Rd1 Ne6 14. Qd3 Nc5 15. Qf5 Bc8 16. Qe5 Be6 17. Nxd5 Ncd7 18. Qd4 Rc8 19. Nd3 Nc5 20. Nxc5 Rxc5 21.
Nxe7+ Qxe7 22. Ba3 1-0

[Event "*** Titled Tuesday Blitz"]
[Site "Chess.com"]
[Date "2020.11.10"]
[Round "4"]
[White "A-Fier"]
[Black "szachuspl"]
[Result "1-0"]
[WhiteElo "2767"]
[BlackElo "2538"]
[TimeControl "180+1"]
[EndTime "10:39:31 PST"]
[Termination "A-Fier won by resignation"]

1. b3 e5 2. Bb2 Nc6 3. e3 Nf6 4.
Bb5 Bd6 5. Na3 a6 6. Be2 b5 7. c4 b4 8. Nc2 O-O 9. d3 a5 10. Nf3 Bb7 11. O-O Re8 12. e4 Nb8 13. Ne3 Na6 14. Nh4 Nc5 15. Nhf5 g6 16. Nxd6 cxd6 17. Nd5 Bxd5 18. exd5 a4 19. Bf3 axb3 20. axb3 Rxa1 21. Bxa1 Qa8 22. d4 exd4 23. Qxd4 Re5 24. Qf4 Rf5 25. Qxd6 Nce4 26. Qxb4 Ng5 27. Be2 h5 28. Bd3 Nge4 29. Bxf6 Nxf6 30. Bxf5 gxf5 31. Qe7 Kg7 32. Qe5 Qa2 33. Qxf5 1-0

[Event "*** Titled Tuesday Blitz"]
[Site "Chess.com"]
[Date "2020.11.10"]
[Round "4"]
[White "SerGo055"]
[Black "Chess2019Player"]
[Result "1-0"]
[WhiteElo "2444"]
[BlackElo "2252"]
[TimeControl "180+1"]
[EndTime "10:39:31 PST"]
[Termination "SerGo055 won by resignation"]

1. d4 Nf6 2. Nf3 c5 3. c3 cxd4 4. cxd4 d5 5. Nc3 Nc6 6. Bf4 a6 7.
e3 Bg4 8. Be2 e6 9. O-O Bd6 10.
Bg3 O-O 11. Na4 Rc8 12. Rc1 Bxg3 13. hxg3 Ne4 14. Nc5 Nxc5 15. Rxc5 Na5 16. b4 Rxc5 17. bxc5 Bxf3 18. gxf3 b5 19. a4 Nc4 20. axb5 axb5 21. Qa1 Qa8 22. Qxa8 Rxa8 23. Rb1 Rb8 24. Bxc4 dxc4 25.
c6 c3 26. c7 Rc8 27. Rxb5 c2 28. Rc5 1-0

[Event "*** Titled Tuesday Blitz"]
[Site "Chess.com"]
[Date "2020.11.10"]
[Round "4"]
[White "Qvalda"]
[Black "DraG0s3L"]
[Result "1-0"]
[WhiteElo "2421"]
[BlackElo "2572"]
[TimeControl "180+1"]
[EndTime "10:39:34 PST"]
[Termination "Qvalda won by checkmate"]

1. e4 e6 2. d4 d5 3. Bd3 c5 4.
exd5 Qxd5 5. Nc3 Qxd4 6. Nf3 Qd8 7. Bf4 Nc6 8. Qe2 Bd6 9. Bxd6 Qxd6 10. O-O-O Qe7 11.
Ne5 Nxe5 12. Qxe5 Nf6 13. Bb5+ Bd7 14. Bxd7+ Nxd7 15. Qxg7 O-O-O 16. Nb5 Rhg8 17. Qxh7 Rxg2 18. Nd6+ Kb8 19. Qxf7 Qg5+ 20. Kb1 c4 21. Nxb7 c3 22. Nxd8 Qb5 23. b3 Nb6 24. Qb7# 1-0

[Event "*** Titled Tuesday Blitz"]
[Site "Chess.com"]
[Date "2020.11.10"]
[Round "4"]
[White "PIwan"]
[Black "AlexeiShirov"]
[Result "0-1"]
[WhiteElo "2539"]
[BlackElo "2790"]
[TimeControl "180+1"]
[EndTime "10:39:38 PST"]
[Termination "AlexeiShirov won by resignation"]

1. c4 c6 2. e4 d5 3. exd5 cxd5 4. cxd5 Nf6 5. Nc3 Nxd5 6. Nf3 Nc6 7. d4 Bg4 8. Qb3 Bxf3 9. gxf3 Nb6 10. d5 Nd4 11.
Bb5+ Nd7 12. Qa4 Nxb5 13. Qxb5 g6 14. O-O Bg7 15. Bg5 h6 16. Bxe7 Qxe7 17. Rae1 Be5 18. d6 Qg5+ 19. Kh1 Qf4 0-1

[Event "*** Titled Tuesday Blitz"]
[Site "Chess.com"]
[Date "2020.11.10"]
[Round "4"]
[White "swimmerchess"]
[Black "AniJak"]
[Result "1-0"]
[WhiteElo "2828"]
[BlackElo "2371"]
[TimeControl "180+1"]
[EndTime "10:39:38 PST"]
[Termination "swimmerchess won by resignation"]

1. e4 c6 2. d4 d5 3. e5 Bf5 4. c4 e6 5. Nc3 Nd7 6. Nge2 h6 7. Nf4 Ne7 8. Be3 g5 9. Nh5 Ng6 10. g4 Be4 11. f3 Qb6 12. fxe4 Qxb2 13. Rc1 Bb4 14. Qb3 Qxb3 15. axb3 dxe4 16. Bg2 c5 17. O-O cxd4 18. Bxd4 Ndxe5 19. Nxe4 Nxg4 20. Bxh8 Nxh8 21. c5 f5 22. Nd6+ Ke7 23. Bxb7 Rb8 24. Nc8+ Kf7 25. c6 Kg6 26. Ng3 Nf7 27. Rfd1 Ne3 28.
Rd7 Nd5 29. Rxd5 exd5 30. c7 Rxb7 31. Ne7+ Bxe7 32. c8=Q Rb6 33. Qxf5+ Kg7 34. Nh5+ Kg8 35. Rc8+ Nd8 36. Qxd5+ Kf8 37. Rxd8+ 1-0

[Event "*** Titled Tuesday Blitz"]
[Site "Chess.com"]
[Date "2020.11.10"]
[Round "4"]
[White "IrishMonkey"]
[Black "chessmachine14"]
[Result "1-0"]
[WhiteElo "2459"]
[BlackElo "2289"]
[TimeControl "180+1"]
[EndTime "10:39:47 PST"]
[Termination "IrishMonkey won by resignation"]

1. e4 c5 2. Nf3 e6 3. c3 Nf6 4. e5 Nd5 5. d4 cxd4 6. Bc4 Nb6 7. Bb3 dxc3 8. Nxc3 d5 9. O-O Be7 10. Qd4 Nc6 11. Qg4 Kf8 12. Qf4 h6 13. Be3 g5 14.
Qg4 Nd7 15. Qh5 Ndxe5 16. Nxe5 Nxe5 17. f4 gxf4 18. Qxe5 Bf6 19. Qxf4 d4 20. Ne4 dxe3 21. Nxf6 Qb6 22. Nd7+ 1-0

[Event "*** Titled Tuesday Blitz"]
[Site "Chess.com"]
[Date "2020.11.10"]
[Round "4"]
[White "Andreikka"]
[Black "Mikhail_Golubev"]
[Result "1-0"]
[WhiteElo "2959"]
[BlackElo "2570"]
[TimeControl "180+1"]
[EndTime "10:39:49 PST"]
[Termination "Andreikka won on time"]

1. b3 d6 2. Bb2 Nd7 3. g3 e5 4.
Bg2 Ngf6 5. c4 g6 6. e3 Bg7 7. Ne2 O-O 8. O-O Re8 9. d3 Nc5 10. Nbc3 c6 11. d4 exd4 12. Nxd4 Ng4 13. Qc2 h5 14. h3 Nxe3 15. fxe3 Rxe3 16. Nce2 Qg5 17. Rad1 h4 18. Bc1 hxg3 19. Bxe3 Qxe3+ 20. Kh1 Qh6 21. Qd2 Qh8 22. Qf4 Bxh3 23. Qxf7+ Kh7 24.
Bxh3 Rf8 25. Qe7 Rxf1+ 26. Rxf1 1-0

[Event "*** Titled Tuesday Blitz"]
[Site "Chess.com"]
[Date "2020.11.10"]
[Round "4"]
[White "PavelShkapenko"]
[Black "NateSolon"]
[Result "1-0"]
[WhiteElo "2662"]
[BlackElo "2466"]
[TimeControl "180+1"]
[EndTime "10:39:49 PST"]
[Termination "PavelShkapenko won by resignation"]

1. e4 c5 2. c3 Nf6 3. e5 Nd5 4. d4 cxd4 5. cxd4 Nc6 6. Nc3 Nxc3 7. bxc3 d5 8. Bd3 g6 9. h4 h5 10. Ne2 Bg4 11. f3 Bf5 12. Bxf5 gxf5 13. e6 fxe6 14. Nf4 Qd6 15. Qe2 e5 16. dxe5 Nxe5 17. Ba3 Nxf3+ 18.
Qxf3 Qxa3 19. Nxd5 Rc8 20. Qxf5 Qc5 21. Rd1 Rh6 22. Rf1 1-0

[Event "*** Titled Tuesday Blitz"]
[Site "Chess.com"]
[Date "2020.11.10"]
[Round "4"]
[White "thedjoker98"]
[Black "Happy1712Drummer"]
[Result "1/2-1/2"]
[WhiteElo "2575"]
[BlackElo "2195"]
[TimeControl "180+1"]
[EndTime "10:39:49 PST"]
[Termination "Game drawn by agreement"]

1. d4 e6 2. c4 Nf6 3. Nc3 d5 4.
cxd5 exd5 5. Bg5 c6 6. e3 h6 7. Bh4 g5 8. Bg3 Bf5 9. h4 Bg7 10. Nf3 g4 11. Ne5 Nbd7 12. h5 Qb6 13. Qd2 Nxe5 14.
Bxe5 Ne4 15. Nxe4 Bxe5 16. Ng3 Bxg3 17. fxg3 Be4 18. Bd3 Qc7 19. O-O-O Bxd3 20. Qxd3 Qxg3 21. Rdf1 O-O-O 22. Rxf7 Rhe8 1/2-1/2

[Event "*** Titled Tuesday Blitz"]
[Site "Chess.com"]
[Date "2020.11.10"]
[Round "4"]
[White "davigator"]
[Black "ChessWarrior3"]
[Result "0-1"]
[WhiteElo "2369"]
[BlackElo "2074"]
[TimeControl "180+1"]
[EndTime "10:39:50 PST"]
[Termination "ChessWarrior3 won by checkmate"]

1. e4 c5 2. Nf3 d6 3. d4 cxd4 4. Nxd4 Nf6 5. Nc3 a6 6. Bg5 e6 7.
f4 h6 8. Bh4 Qb6 9. a3 Be7 10.
Bf2 Qc7 11. Qf3 Nc6 12. Bd3 Rb8 13. Nb3 e5 14. f5 b5 15. g4 b4 16. Nd5 bxa3 17. Nxf6+ Bxf6 18. Rxa3 Nb4 19. Qe2 Nxd3+ 20. Qxd3 Bd7 21. c4 g6 22. Rxa6 Bg5 23. h4 Bf4 24.
O-O gxf5 25. gxf5 Rg8+ 26. Kh1 Bxf5 27. Ra7 Qc6 28. Re1 Rxb3 29. Qd5 Rh3# 0-1

[Event "*** Titled Tuesday Blitz"]
[Site "Chess.com"]
[Date "2020.11.10"]
[Round "4"]
[White "GameOverBro"]
[Black "DrMamaliga"]
[Result "1-0"]
[WhiteElo "2508"]
[BlackElo "2334"]
[TimeControl "180+1"]
[EndTime "10:40:00 PST"]
[Termination "GameOverBro won by resignation"]

1. e4 e5 2. Nf3 Nc6 3. Bb5 a6 4. Ba4 d6 5. d4 b5 6. Bb3 Nxd4 7.
Nxd4 exd4 8. Bd5 Rb8 9. Qxd4 Nf6 10. Bc6+ Bd7 11. Bxd7+ Qxd7 12. O-O Be7 13. a3 Qe6 14. Nc3 O-O 15. h3 Rfe8 16. Re1 Bf8 17. Bg5 c5 18.
Qd3 Nd7 19. Nd5 Rbc8 20. a4 Ne5 21. Qe2 h6 22. Bf4 Ng6 23. Bg3 f5 24. f3 fxe4 25. fxe4 c4 26. axb5 axb5 27. Ra7 Rc5 28. Nc7 Qd7 29. Qg4 Qxg4 30. hxg4 d5 31. Nxe8 1-0

[Event "*** Titled Tuesday Blitz"]
[Site "Chess.com"]
[Date "2020.11.10"]
[Round "4"]
[White "Piotrek1979"]
[Black "Tenamu"]
[Result "0-1"]
[WhiteElo "2452"]
[BlackElo "2319"]
[TimeControl "180+1"]
[EndTime "10:40:04 PST"]
[Termination "Tenamu won on time"]

1. Nf3 e6 2. g3 Nf6 3. Bg2 d5 4. c4 Be7 5. O-O O-O 6. b3 c6 7. Bb2 Nbd7 8. d3 b5 9. Nbd2 a5 10. Qc2 Bb7 11. Rfc1 Rc8 12. a3 Qb6 13. e3 Ba6 14. d4 bxc4 15. bxc4 c5 16. dxc5 Nxc5 17. Rab1 Qd8 18. Ne5 Bd6 19. Bd4 Bxe5 20. Bxe5 dxc4 21.
Nxc4 Nd3 22. Bxf6 gxf6 23. Rd1 Bxc4 24. Qe2 Ne5 25. Qh5 Qe7 26. Rd4 f5 27. Rh4 f6 0-1

[Event "*** Titled Tuesday Blitz"]
[Site "Chess.com"]
[Date "2020.11.10"]
[Round "4"]
[White "VerdeNotte"]
[Black "wnstop"]
[Result "1-0"]
[WhiteElo "2882"]
[BlackElo "2716"]
[TimeControl "180+1"]
[EndTime "10:40:05 PST"]
[Termination "VerdeNotte won by resignation"]

1. c4 e5 2. g3 Nc6 3. Bg2 Bc5 4. Nc3 a6 5. Nf3 d6 6. e3 Ba7 7. d4 exd4 8. exd4 Nge7 9. h3 O-O 10. O-O Nf5 11.
Ne2 h6 12. b3 Re8 13. Bb2 Rb8 14. Rc1 Bd7 15. Nf4 Qc8 16. Qd2 Nd8 17. Rfe1 Rxe1+ 18. Rxe1 Ne6 19. g4 Ne7 20. d5 Nxf4 21. Rxe7 Ng6 22.
Qc3 1-0

[Event "*** Titled Tuesday Blitz"]
[Site "Chess.com"]
[Date "2020.11.10"]
[Round "4"]
[White "AlexSuv"]
[Black "FormerProdigy"]
[Result "0-1"]
[WhiteElo "2592"]
[BlackElo "2863"]
[TimeControl "180+1"]
[EndTime "10:40:05 PST"]
[Termination "FormerProdigy won by resignation"]

1. d4 Nf6 2. c4 e6 3. Nc3 Bb4 4. e3 O-O 5. Bd2 b6 6. Nf3 d5 7. cxd5 exd5 8. Rc1 a6 9. Be2 Bb7 10. O-O Bd6 11. Ne5 c5 12. f4 Nc6 13. Be1 cxd4 14.
Nxc6 Bxc6 15. exd4 b5 16. a3 Qb6 17. Kh1 Rfe8 18. Bh4 Ne4 19. Nxe4 dxe4 20. Bf2 e3 21. Bg1 Rad8 22. Rc3 Qb7 23. Bf3 e2 24. Bxc6 exd1=Q 25. Rxd1 Qe7 26. Bxe8 Rxe8 27. d5 Qe2 28. Rdc1 Bxf4 29.
R1c2 Qe4 30. Rc8 h5 31. Rxe8+ Qxe8 0-1

[Event "*** Titled Tuesday Blitz"]
[Site "Chess.com"]
[Date "2020.11.10"]
[Round "4"]
[White "Grineva_Marianna"]
[Black "Siemba"]
[Result "0-1"]
[WhiteElo "2239"]
[BlackElo "2437"]
[TimeControl "180+1"]
[EndTime "10:40:05 PST"]
[Termination "Siemba won by resignation"]

1. e4 f5 2. exf5 Nf6 3. Nc3 d5 4. d4 Bxf5 5. Bd3 e6 6. Nge2 Bd6 7. Ng3 Bxd3 8. Qxd3 O-O 9. O-O e5 10. dxe5 Bxe5 11.
Re1 Bxg3 12. hxg3 c6 13. Bg5 Nbd7 14. Re2 Qb6 15. b3 Ng4 16. Rf1 Nde5 17. Qd2 Rf5 18. Nd1 Raf8 19. Bf4 Qd8 20. Ne3 Rxf4 21. gxf4 Qh4 22.
Nxg4 Nxg4 0-1

[Event "*** Titled Tuesday Blitz"]
[Site "Chess.com"]
[Date "2020.11.10"]
[Round "4"]
[White "RamyresCoelho"]
[Black "Bodnar_Mykola"]
[Result "1-0"]
[WhiteElo "2079"]
[BlackElo "2370"]
[TimeControl "180+1"]
[EndTime "10:40:09 PST"]
[Termination "RamyresCoelho won by checkmate"]

1. e4 c5 2. Nf3 d6 3. d4 cxd4 4.
Nxd4 Nf6 5. Nc3 a6 6. f3 e5 7. Nb3 Be6 8. Be3 h5 9. Qd2 Be7 10. O-O-O Nbd7 11. h3 h4 12. Kb1 b5 13. Nd5 Bxd5 14. exd5 a5 15. Bxb5 a4 16. Nc1 Qa5 17.
Qxa5 Rxa5 18. c4 O-O 19. Bg5 Rd8 20. Nd3 Nxd5 21. Bd2 Rxb5 22. cxb5 Rb8 23. Nb4 Rxb5 24. Nxd5 Rxd5 25. Bb4 Rb5 26. Bxd6 Bf6 27. Rhe1 e4 28. Ba3 exf3 29. Rxd7 fxg2 30. Rg1 Rg5 31. Be7 Bxe7 32. Rxe7 Rg3 33. Re2 Rxh3 34. Rexg2 g6 35. Rg4 a3 36. bxa3 Kg7 37. a4 Kh6 38. Kb2 Rh2+ 39.
R1g2 Rh1 40. a5 h3 41. Rg1 Rh2+ 42. Kb3 Rf2 43. a6 Rf6 44. Ra4 Rb6+ 45. Ka3 Rb8 46. a7 Ra8 47. Rh1 g5 48. Rxh3+ Kg6 49. Rb3 g4 50. Rb8 Rxa7 51. Rxa7 f5 52. Rg8+ Kf6 53. Rf8+ Ke5 54. Raf7 Kf4 55. Rxf5+ Ke3 56. Rg5 g3 57.
Rxg3+ Kd2 58. Rf2+ Kc1 59. Rg1# 1-0

[Event "*** Titled Tuesday Blitz"]
[Site "Chess.com"]
[Date "2020.11.10"]
[Round "4"]
[White "louis198"]
[Black "GalperinPlaton"]
[Result "0-1"]
[WhiteElo "2565"]
[BlackElo "2883"]
[TimeControl "180+1"]
[EndTime "10:40:15 PST"]
[Termination "GalperinPlaton won by resignation"]

1. d4 Nf6 2. c4 e6 3. Nf3 Nc6 4. Nc3 Bb4 5. Bg5 h6 6. Bxf6 Qxf6 7. e3 O-O 8. Be2 e5 9. O-O Bxc3 10. bxc3 d6 11.
h3 b6 12. Nd2 Bd7 13. f4 exf4 14. Rxf4 Qg5 15. Kh2 Rae8 16. Nf1 Rxe3 17. Rf3 Rxf3 18.
Bxf3 Re8 19. c5 bxc5 20. Rb1 cxd4 21. cxd4 Qf4+ 22. Kh1 Nxd4 23. Rb7 Bxh3 24. Rb4 c5 25. Rxd4 Qxd4 26. Qxd4 cxd4 27. gxh3 d3 28. Kg2 Re2+ 29. Kg3 Rxa2 30. Ne3 a5 31. Kf4 a4 32. Ke4 Ra3 33. Nc4 Rc3 34. Kd4 Rb3 35. Bd1 Rb1 36. Bxa4 d2 0-1

[Event "*** Titled Tuesday Blitz"]
[Site "Chess.com"]
[Date "2020.11.10"]
[Round "4"]
[White "tsaruk_maks"]
[Black "chito89"]
[Result "0-1"]
[WhiteElo "2619"]
[BlackElo "2853"]
[TimeControl "180+1"]
[EndTime "10:40:17 PST"]
[Termination "chito89 won on time"]

1. e4 c5 2. Nf3 e6 3. d4 cxd4 4.
Nxd4 Nc6 5. Nc3 Qc7 6. Be3 a6 7. a3 Nf6 8. f4 d6 9. Qf3 Bd7 10.
O-O-O Rc8 11. Rg1 Nxd4 12. Rxd4 b5 13. g4 Bc6 14. g5 Nd7 15. h4 Qb7 16. Bh3 Nc5 17.
Rgd1 a5 18. Kb1 b4 19. axb4 axb4 20. Nd5 b3 21. c4 Qa7 22. Nc3 Ra8 23. Kc1 Be7 24.
Rxd6 Qa1+ 0-1

[Event "*** Titled Tuesday Blitz"]
[Site "Chess.com"]
[Date "2020.11.10"]
[Round "4"]
[White "Yashasd1995"]
[Black "Paralinch"]
[Result "0-1"]
[WhiteElo "2551"]
[BlackElo "2822"]
[TimeControl "180+1"]
[EndTime "10:40:18 PST"]
[Termination "Paralinch won by resignation"]

1. b3 c5 2. Bb2 Nc6 3. e3 d6 4. d4 cxd4 5. exd4 d5 6. Nf3 Nf6 7. Be2 g6 8. O-O Bg7 9. c4 O-O 10. a3 Ne4 11. Nbd2 Bf5 12. Nxe4 Bxe4 13. c5 b6 14. b4 bxc5 15. bxc5 Rb8 16. Bc3 Qc7 17. Qa4 e6 18. Nd2 h5 19. Rfe1 Rfd8 20. Red1 Bf5 21. Nf3 Bf6 22. h3 g5 23. Bb5 g4 24. Bxc6 gxf3 25.
Ba5 Qf4 26. g3 Qg5 27. Bxd8 Bxd8 28. Bb5 h4 29. Kh2 Bc7 30. Rg1 Qd2 31. Raf1 hxg3+ 32. Rxg3+ Bxg3+ 33. Kxg3 Kh7 34. Be8 Qg5+ 35. Kxf3 Be4+ 36.
Ke2 Rb2+ 0-1

[Event "*** Titled Tuesday Blitz"]
[Site "Chess.com"]
[Date "2020.11.10"]
[Round "4"]
[White "Harsha_Bharathakoti"]
[Black "ailime26"]
[Result "1-0"]
[WhiteElo "2807"]
[BlackElo "1976"]
[TimeControl "180+1"]
[EndTime "10:40:18 PST"]
[Termination "Harsha_Bharathakoti won by resignation"]

1. Nf3 Nf6 2. c4 e6 3. Nc3 d5 4. d4 Be7 5. Bg5 Nbd7 6. Qc2 O-O 7. e3 b6 8. cxd5 Nxd5 9. Bxe7 Qxe7 10. Bd3 f5 11.
Nxd5 exd5 12. Bxf5 g6 13. Bxd7 Bxd7 14. Ne5 c5 15.
O-O Bf5 16. Qd2 Rac8 17. Rac1 cxd4 18. exd4 Qh4 19. f3 Rfe8 20. Rc3 Rc4 21. Nxc4 dxc4 22. Rxc4 Be6 23. Rc7 Rd8 24. Qe3 Qxd4 25. Qxd4 Rxd4 26.
Re1 Bf7 27. Rxa7 Rd2 1-0

[Event "*** Titled Tuesday Blitz"]
[Site "Chess.com"]
[Date "2020.11.10"]
[Round "4"]
[White "Unknown_IM"]
[Black "davidkalashian"]
[Result "1-0"]
[WhiteElo "2376"]
[BlackElo "2598"]
[TimeControl "180+1"]
[EndTime "10:40:19 PST"]
[Termination "Unknown_IM won by checkmate"]

1. e4 c5 2. Nf3 d6 3. c3 Nf6 4. Be2 g6 5. O-O Bg7 6. Bb5+ Bd7 7. Bxd7+ Qxd7 8. Re1 O-O 9. d4 cxd4 10. cxd4 d5 11. e5 Ne4 12. Nc3 Nxc3 13. bxc3 Nc6 14. Ng5 e6 15. h4 h6 16. Nh3 h5 17. g4 hxg4 18. Qxg4 Ne7 19. h5 Qa4 20. h6 Bh8 21. h7+ Kg7 22. Bg5 Nf5 23. Bf6+ Kxh7 24. Ng5+ Kg8 25. Qh3 Bxf6 26. Qh7# 1-0